AoeStats
← d4rk

Nomad

503273467Analyzed
4v4 RM · 1mo ago on Aug 30, 2026· 25m 59s· 8 players
Game mode
Random Map
Map size
231×231
Population
200
Speed
Normal
Resources
Standard
Victory
Conquest
Starting age
Dark Age
Ending age
Imperial Age
RankedLock teamsTeams togetherTeam positionsShared explorationLock speedFull tech treeHidden civsTurbo modeCheats
Victory
Defeat
🇷🇺 Franks · Russia
951
+14
🇱🇺 Inca · Luxembourg
913
+16
909
+16
🇦🇺 Italians · Australia
908
+16
🇨🇴 Cumans · Colombia
939
-17
🇨🇱 Tatars · Chile
918
-16
🇦🇷 Hindustanis · Argentina
902
-15
🇧🇷 Japanese · Brazil
891
-15
Huidaveloz
4:59 Loom
16:11 Feudal Age
17:40 Town Watch
d4rk
3:55 Loom
13:34 Feudal Age
14:42 Double-Bit Axe
15:02 Horse Collar
25:52 Castle Age
25:13 Wheelbarrow
24:23 Town Watch
Bruno MIRANDA
20:12 Feudal Age
Ñorda
4:41 Loom
14:35 Feudal Age
15:35 Double-Bit Axe
16:54 Horse Collar
22:02 Bloodlines
27:18 Castle Age
lil_luzツ
3:59 Loom
16:44 Feudal Age
17:20 Double-Bit Axe
17:18 Fishing Lines
22:25 Castle Age
20:44 Fletching
21:28 Forging
21:19 Scale Mail Armor
21:07 Champi Runner
21:33 Arson
24:22 Bodkin Arrow
25:05 Champi Warrior
Ray
9:42 Loom
15:00 Feudal Age
16:25 Double-Bit Axe
17:35 Town Watch
18:26 Wheelbarrow
18:01 Gold Mining
19:53 Forging
22:15 Scale Barding Armor
26:31 Castle Age
Angry Womble
14:24 Feudal Age
18:20 Castle Age
17:10 Stone Mining
21:50 Fishing Lines
28:36 Imperial Age
The Official Game of the Movie
4:29 Loom
16:38 Feudal Age
16:49 Man-at-Arms
18:15 Forging
18:05 Scale Mail Armor
21:07 Fletching
21:17 Padded Archer Armor
21:34 Horse Collar
24:58 Double-Bit Axe
Connection lost

Rejoining the realm…

Still unreachable

The connection could not be restored.

Session expired

The server has moved on; the page needs a fresh start.